 Dungeon Crawl Stone Soup version 0.31-a0-885-gbe960a18b5 (webtiles) character file.

Game seed: 6023745917498408090

9676 BinkBink the Basher (level 11, -3/60 HPs)
             Began as a Gargoyle Fighter on Oct 16, 2023.
             Was a Believer of Qazlal.
             Killed by divine providence
             ... invoked by a smoke demon
             ... summoned by a glowing orange brain
              (10 damage)
             ... on level 1 of the Abyss.
             The game lasted 00:19:33 (10512 turns).

BinkBink the Basher (Gargoyle Fighter)             Turns: 10512, Time: 00:19:38

Health: -3/60      AC: 25    Str: 29    XL:     11   Next: 50%
Magic:  11/11      EV:  7    Int: 10    God:    Qazlal [**....]
Gold:   389        SH: 13    Dex:  9    Spells: 10/10 levels left

rFire   + + .        j - +3 flail (protect)
rCold   + . .        G - +0 kite shield
rNeg    + . .        B - +1 plate armour {rF+}
rPois   ∞            N - +2 hat {SInv}
rElec   +            J - scarf {rC+ rF+}
rCorr   .            (no gloves)
SInv    +            (no boots)
Will    +....        (no amulet) Stlth
                     E - ring of willpower
HPRegen 0.30/turn    F - +6 ring of strength
MPRegen 0.12/turn

%: no passive effects
@: silenced
A: sickness immunity, AC +8, negative energy resistance 1, electricity
resistance, torment resistance 1, petrification resistance
a: Renounce Religion


You were on level 1 of the Abyss.
You worshipped Qazlal.
Qazlal was pleased with you.
You visited 2 branches of the dungeon, and saw 12 of its levels.
You visited the Abyss 1 time.
You also visited: Sewer.

You collected 698 gold pieces.
You spent 309 gold pieces at shops.

Inventory:

Hand Weapons
 a - a +0 flail
 j - a +3 flail of protection (weapon)
 r - a +3 mace of venom
 y - a +2 flail of draining
Armour
 B - a +1 plate armour of fire resistance (worn)
 G - a +0 kite shield (worn)
 J - a scarf of resistance (worn)
 N - a +2 hat of see invisible (worn)
Jewellery
 D - an amulet of magic regeneration
 E - a ring of willpower (left hand)
 F - a +6 ring of strength (right hand)
 I - a +6 ring of dexterity
Wands
 A - a wand of flame (34)
Scrolls
 b - a scroll of fear {unknown}
 h - a scroll of amnesia {unknown}
 i - 4 scrolls of immolation
 k - 3 scrolls of poison
 n - 2 scrolls of fog
 o - a scroll of brand weapon {unknown}
 p - a scroll of enchant armour {unknown}
 u - 2 scrolls of noise
 v - a scroll of silence
 w - 2 scrolls of teleportation {unknown}
 x - a scroll of revelation {unknown}
 C - a scroll of enchant weapon {unknown}
 K - 2 scrolls of acquirement {unknown}
 O - a scroll of torment {unknown}
Potions
 d - 2 potions of might
 e - a potion of ambrosia
 f - 5 potions of enlightenment
 g - a potion of resistance
 m - 8 potions of curing
 q - a potion of haste
 t - a potion of brilliance
 z - 2 potions of lignification
 H - a potion of berserk rage
 L - 3 potions of mutation
Miscellaneous
 s - a condenser vane


   Skills:
 - Level 3.2 Fighting
 * Level 12.7 Maces & Flails
 + Level 10.3 Armour
 + Level 10.3 Shields


You had 10 spell levels left.
You didn't know any spells.
Your spell library contained the following spells:

 Spells                   Type           Power      Damage    Failure   Level
 Ensorcelled Hibernation  Hex/Ice        0%         N/A       100%        2
 Passwall                 Tmut/Erth      0%         N/A       100%        2
 Wereblood                Tmut           0%         N/A       100%        2
 Call Canine Familiar     Summ           0%         N/A       100%        3
 Dazzling Flash           Conj/Hex       0%         N/A       100%        3
 Sigil of Binding         Hex            0%         N/A       100%        3
 Stone Arrow              Conj/Erth      0%         3d7       100%        3
 Swiftness                Air            0%         N/A       100%        3
 Animate Armour           Summ/Erth      0%         N/A       100%        4
 Dimensional Bullseye     Hex/Tloc       0%         N/A       100%        4
 Leda's Liquefaction      Hex/Erth       0%         N/A       100%        4
 Agony                    Necr           0%         N/A       100%        5
 Irradiate                Conj/Tmut      0%         3d11      100%        5
 Silence                  Hex/Air        0%         N/A       100%        5
 Lehudib's Crystal Spear  Conj/Erth      0%         10d2      100%        8


Dungeon Overview and Level Annotations

Branches:
Dungeon (11/15)            Temple (1/1) D:4            Lair (0/5) D:10
    Orc (0/2) D:9           Sewer (visited)

Altars:
Ashenzari
Cheibriados
Dithmenos
Elyvilon
Fedhas
Gozag
Hepliaklqana
Kikubaaqudgha
Makhleb
Nemelex Xobeh
Okawaru
Qazlal
Ru
Sif Muna
Trog
Uskayaw
Vehumet
Wu Jian
Xom
Yredelemnul
Zin
The Shining One

Shops:
D:1 !   D:4 [   D:5 (   D:10 (

Annotations:
D:10 Sonja


Innate Abilities, Weirdness & Mutations

You are immune to sickness and miasma.
Your stone body is resilient. (AC +8)
You are immune to poison.
You resist negative energy. (rN+)
You are resistant to electric shocks. (rElec)
You are resistant to unholy torment.
You are immune to petrification.


Message History

The ufetubus closely misses you.
The ufetubus hits you but does no damage. x3
The ynoxinul completely misses you.
As you read the scroll labelled ZUMPAE AMOX, it dissolves into smoke.
It was a scroll of fog.
You feel yourself speed up. You block the ufetubus's attack.
The ufetubus hits you but does no damage. x2
You block the ufetubus's attack. The ufetubus hits you.
* * * LOW HITPOINT WARNING * * *
The ufetubus closely misses you. The ufetubus barely misses you.
The ufetubus hits you but does no damage.
You block the ufetubus's attack. The ufetubus barely misses you.
You block the ufetubus's attack.
The ufetubus hits you but does no damage.
The ufetubus barely misses you.
The ufetubus hits you but does no damage. x3
The ynoxinul completely misses you. You block the ufetubus's attack.
The ufetubus hits you but does no damage. x2
The ufetubus barely misses you.
As you read the scroll labelled UDGHOI GIUD HAFULL, it crumbles to dust.
You hear a loud clanging noise!
It was a scroll of noise.
You hear a shout!
The ufetubus barely misses you. x2
The ufetubus hits you but does no damage.
You block the ufetubus's attack. x2
The ufetubus hits you but does no damage.
The glowing orange brain blinks!
The ynoxinul hits you but does no damage.
The ufetubus hits you but does no damage. x2
You block the ufetubus's attack. x2; The ufetubus completely misses you.
The ufetubus hits you but does no damage.
As you read the scroll labelled UMPUVV HENIWUNK, it crumbles to dust.
A profound silence engulfs you.
It was a scroll of silence.
You block the ufetubus's attack. x2
The ufetubus hits you but does no damage. x4
The smoke demon gestures at you. Something smites you!
You die...

# # #. . # # .# .
.#.. ##.# # #
#..#.####..# ..#..
.......G..... .
#.§55.# ... # ..
##§43###...## .
..#§55@3#. ...#
.....5555§. .... ..
......§§55§.......
...................
....#.....#.....#..
... ##...###...##
... .....#.....#
..........#.##
..........#...


You could see a glowing orange brain (unsilenced), an ice devil (summoned), a
smoke demon (summoned, unsilenced), a ynoxinul (unsilenced) and 10 ufetubi.

Vanquished Creatures
  A tentacled starspawn (Abyss:1)
  An eidolon (Abyss:1)
  A two-headed ogre (D:8)
  A glowing orange brain (Abyss:1)
  A rime drake (D:10)
  An unseen horror (D:10)
  An ancient zyme (Abyss:1)
  2 trolls (D:10)
  A hornet (D:10)
  5 yaks
  A wraith (D:10)
  A steam dragon (D:7)
  Duvessa (D:4)
  3 orc warriors
  2 water moccasins (D:8)
  2 sky beasts (D:6)
  3 ice beasts (D:10)
  A black bear (D:6)
  2 ogres (D:6)
  4 wolves (D:10)
  2 centaurs (D:10)
  A phantom (D:7)
  2 kobold brigands
  3 bullfrogs
  2 gnoll sergeants
  3 scorpions
  8 wights
  Dowan (D:4)
  6 killer bees
  5 howler monkeys
  A quasit (Abyss:1)
  2 hounds
  A jelly (D:6)
  4 orc priests
  2 gnoll boudas
  3 iguanas
  3 sleepcaps
  6 orc wizards
  18 gnolls
  8 adders
  2 shadow imps
  3 white imps
  A worm (D:2)
  2 dart slugs
  19 orcs
  13 ball pythons
  4 bats
  11 endoplasms
  10 giant cockroaches
  9 goblins
  8 hobgoblins
  12 jackals
  16 quokkas
  12 frilled lizards
  14 kobolds
  4 rats
256 creatures vanquished.

Vanquished Creatures (others)
  2 starspawn tentacles (Abyss:1)
2 creatures vanquished.

Grand Total: 258 creatures vanquished

Notes
Turn   | Place    | Note
-------+----------+-------------------------------------------
     0 | D:1      | BinkBink the Gargoyle Fighter began the quest for the Orb.
     0 | D:1      | Reached XP level 1. HP: 14/14 MP: 1/1
    64 | D:1      | Reached XP level 2. HP: 19/19 MP: 2/2
   340 | D:1      | Reached XP level 3. HP: 16/23 MP: 3/3
   604 | D:1      | Found Nyl Wekh's Distillery.
   647 | D:2      | Found a broken altar of Ashenzari.
   722 | D:2      | Reached skill level 3 in Maces & Flails
  1621 | D:1      | Bought a potion of heal wounds for 55 gold pieces
  1621 | D:1      | Bought a potion of curing for 33 gold pieces
  1727 | D:3      | Reached XP level 4. HP: 19/28 MP: 4/4
  1897 | D:3      | Found a glowing drain.
  1913 | Sewer    | Entered a sewer
  2337 | Sewer    | Noticed a bullfrog
  2356 | Sewer    | Noticed a bullfrog
  2361 | Sewer    | Killed a bullfrog
  2362 | Sewer    | Reached skill level 4 in Maces & Flails
  2362 | Sewer    | Reached XP level 5. HP: 26/32 MP: 5/5
  2367 | Sewer    | Reached XP level 6. HP: 22/37 MP: 6/6
  3146 | D:4      | Found Noschekk's Antique Armour Shop.
  3217 | D:4      | Found a staircase to the Ecumenical Temple.
  3230 | Temple   | Entered the Ecumenical Temple
  3357 | D:4      | Found a broken altar of Ashenzari.
  3357 | D:4      | Noticed Dowan
  3358 | D:4      | Noticed Duvessa
  3367 | D:4      | Killed Dowan
  3378 | D:4      | Killed Duvessa
  3379 | D:4      | Reached skill level 5 in Maces & Flails
  3379 | D:4      | Reached skill level 5 in Armour
  3379 | D:4      | Reached skill level 5 in Shields
  3379 | D:4      | Reached XP level 7. HP: 21/41 MP: 7/7
  3914 | D:5      | Entered Level 5 of the Dungeon
  4096 | D:5      | Reached skill level 6 in Maces & Flails
  4200 | D:5      | Found Voblosasa's Firing Range.
  4510 | D:5      | Found a white marble altar of Elyvilon.
  4741 | D:6      | Reached XP level 8. HP: 46/46 MP: 8/8
  4925 | D:6      | Reached skill level 7 in Maces & Flails
  5085 | D:6      | Found a blossoming altar of Fedhas.
  5086 | D:6      | Found an ancient bone altar of Kikubaaqudgha.
  5816 | D:6      | Reached skill level 8 in Maces & Flails
  5927 | D:6      | Reached XP level 9. HP: 36/51 MP: 9/9
  6079 | D:7      | Found a stormy altar of Qazlal.
  6085 | D:7      | Became a worshipper of Qazlal Stormbringer
  6854 | D:7      | Reached skill level 9 in Maces & Flails
  7208 | D:8      | Noticed a two-headed ogre
  7223 | D:8      | HP: 1/51 [two-headed ogre/+0 giant club (21)]
  7226 | D:8      | Killed a two-headed ogre
  7229 | D:8      | Reached * piety under Qazlal
  7243 | D:8      | Reached skill level 10 in Maces & Flails
  7243 | D:8      | Reached XP level 10. HP: 13/56 MP: 10/10
  7546 | D:1      | Bought a potion of heal wounds for 55 gold pieces
  7546 | D:1      | Bought a potion of curing for 33 gold pieces
  7643 | D:4      | Bought a runed hat for 133 gold pieces
  8122 | D:8      | Found an opulent altar of Gozag.
  8126 | D:8      | Found a glowing golden altar of the Shining One.
  8132 | D:8      | Found a basalt altar of Yredelemnul.
  8132 | D:8      | Found a shimmering altar of Xom.
  8133 | D:8      | Found a bloodstained altar of Trog.
  8418 | D:9      | Found a sacrificial altar of Ru.
  8586 | D:9      | Reached ** piety under Qazlal
  8747 | D:9      | Found a staircase to the Orcish Mines.
  9173 | D:9      | Found a snail-covered altar of Cheibriados.
  9237 | D:10     | Entered Level 10 of the Dungeon
  9276 | D:10     | Found Ogievoim's Weapon Shoppe.
  9299 | D:10     | Noticed an unseen horror
  9300 | D:10     | Reached skill level 11 in Maces & Flails
  9339 | D:10     | Killed an unseen horror
  9409 | D:10     | Found a staircase to the Lair.
  9447 | D:10     | Reached XP level 11. HP: 25/60 MP: 11/11
  9861 | D:10     | Reached skill level 12 in Maces & Flails
 10213 | D:11     | Noticed Sonja
 10345 | Abyss:1  | Cast into level 1 of the Abyss (Sonja)
 10363 | Abyss:1  | Noticed a great orb of eyes
 10385 | Abyss:1  | Found a corrupted altar of Lugonu.
 10408 | Abyss:1  | Noticed a glowing orange brain
 10422 | Abyss:1  | Killed a glowing orange brain
 10423 | Abyss:1  | Reached skill level 10 in Armour
 10423 | Abyss:1  | Reached skill level 10 in Shields
 10426 | Abyss:1  | Noticed a tentacled starspawn
 10445 | Abyss:1  | Killed a tentacled starspawn
 10485 | Abyss:1  | Noticed an eidolon
 10496 | Abyss:1  | Noticed a glowing orange brain
 10501 | Abyss:1  | Killed an eidolon
 10512 | Abyss:1  | Killed from afar by a smoke demon

Illustrated notes

Levels and vault maps discovered:
D:1:      heliophobic_arrival_ceremonial_halls, layout_basic, serial_shops, shop
D:2:      layout_loops_corners, basic_altar
D:3:      layout_basic, portal_sewer_entry_f, serial_corexii_hall,
          corexii_hall_statues_x, chequers_hall_statues_wall_a
D:4:      layout_loops_ring, evilmike_ruin_ashenzari,
          minmay_temple_entry_sparse_star, serial_shops,
          nicolae_shop_statue_plus, uniq_duvessa
D:5:      layout_cave_pools, old_standard_altar, nicolae_shop_firing_range
D:6:      layout_loops_ring, grunt_temple_overflow_growth_and_decay
D:7:      layout_loops_ring, mainiacjoe_overflow_six_doors_small,
          grunt_ministairs_9, minmay_misc_feat_enclosed
D:8:      layout_basic, kennysheep_mini, nicolae_overflow_hidden_temple,
          chequers_temple_overflow_statue_of_worship,
          hangedman_abyss_or_decor_jellyfish_corner
D:9:      layout_loops_cross, nicolae_ru_great_annihilating_truth,
          lemuel_coloured_pillars_altar, orc_0_dummy
D:10:     layout_loops_ring, hellmonk_lair_entry_icy, serial_shops,
          nicolae_shop_crystal, minivault_11
D:11:     layout_basic, serial_shops, shop, shop, nicolae_shop_waterfront,
          nicolae_diamond_shop, nicolae_shop_statue_plus, uniq_sonja,
          uniq_fannar
Temple:   cyrus_temple_forest
Abyss:1:  base:
D:8

Skill      XL: |  1  2  3  4  5  6  7  8  9 10 11 |
---------------+----------------------------------+-----
Maces & Flails | 3 4 5 6 8 10 11 12 | 12.7
Shields        | 4 5 6 8 9 10 | 10.3
Armour         | 4 5 6 8 9 10 | 10.3
Fighting       | |  3.2

Action                     |  1- 3 |  4- 6 |  7- 9 | 10-12 || total
---------------------------+-------+-------+-------+-------++-------
  Melee: Flail             |   163 |   166 |   318 |   343 ||   990
         Mace              |       |    51 |    14 |       ||    65
    Use: Potion            |       |     1 |     1 |     3 ||     5
         Scroll            |       |     4 |     3 |     7 ||    14
   Stab: Paralysed         |       |       |       |     1 ||     1
 Armour: Scale mail        |   117 |   164 |   259 |       ||   540
         Plate armour      |       |       |       |   296 ||   296
  Dodge: Dodged            |    74 |    83 |   125 |   122 ||   404
  Block: Buckler           |    32 |    50 |    65 |     7 ||   154
         Kite shield       |       |       |       |   252 ||   252

Table legend: (Time is in decaauts)
 A = Elapsed time spent in this place.
 B = Non-inter-level travel time spent in this place.
 C = Inter-level travel time spent in this place.
 D = Time resting spent in this place.
 E = Time spent auto-exploring this place.
 F = Levels seen in this place.
 G = Mean time per level.
                   A        B        C        D        E       F      G
               +--------+--------+--------+--------+--------+-----+--------+
         Total |  10684 |   9912 |    772 |   1120 |   6378 |  14 |  763.1 |
       Dungeon |   9824 |   9075 |    749 |   1007 |   6184 |  11 |  893.1 |
        Temple |     53 |     30 |     23 |      0 |      7 |   1 |   53.0 |
         Abyss |    165 |    165 |      0 |      0 |      0 |   1 |  165.0 |
         Sewer |    641 |    641 |      0 |    113 |    187 |   1 |  641.0 |
               +--------+--------+--------+--------+--------+-----+--------+

Top non-repeatable levels by time:
     D:6: 1292 daAuts
     D:8: 1074 daAuts
     D:2: 1063 daAuts
     D:7: 1027 daAuts
    D:10: 1008 daAuts
     D:9: 947 daAuts
     D:3: 927 daAuts
     D:4: 902 daAuts
     D:5: 792 daAuts
     D:1: 783 daAuts
   Sewer: 641 daAuts
 Abyss:1: 165 daAuts
  Temple: 53 daAuts
    D:11: 4 daAuts
